 Dungeon Crawl Stone Soup version 0.29.1-12-g30fa7ad0bf (webtiles) character file.

Game seed: 3276913336257342809

1113 mampy3000 the Cleaver (level 8, 0/71 HPs)
             Began as a Minotaur Berserker on Dec 30, 2022.
             Was an Elder of Trog.
             Succumbed to a scorpion's poison
             ... on level 5 of the Dungeon.
             The game lasted 00:14:36 (5252 turns).

mampy3000 the Cleaver (Minotaur Berserker)          Turns: 5252, Time: 00:14:36

Health: 0/71       AC: 12    Str: 25    XL:     8   Next: 11%
Magic:  7/7        EV:  9    Int:  4    God:    Trog [****..]
Gold:   286        SH:  0    Dex:  9    Spells: 7/7 levels left

rFire   . . .      SeeInvis .   y - +0 hand axe (flame)
rCold   . . .      Faith    .   (no shield)
rNeg    + . .      Spirit   .   s - +0 chain mail
rPois   .          Reflect  .   (helmet restricted)
rElec   .          Harm     .   (no cloak)
rCorr   .          Rampage  .   (no gloves)
Will    .....                   e - +1 pair of boots
Stlth   ..........              h - amulet of the acrobat
HPRegen 0.21/turn               j - ring of positive energy
MPRegen 0.10/turn               (no ring)

@: lethally poisoned (0 -> -1), on berserk cooldown, slowed, very slow
A: horns 2, retaliatory headbutt
a: Renounce Religion, Berserk, Trog's Hand, Brothers in Arms


You were on level 5 of the Dungeon.
You worshipped Trog.
Trog was greatly pleased with you.
You visited 1 branch of the dungeon, and saw 5 of its levels.
You also visited: Sewer.

You collected 286 gold pieces.

Inventory:

Hand Weapons
 a - a +0 hand axe
 p - a +1 vorpal hand axe
 y - a +0 hand axe of flaming (weapon)
Missiles
 z - 3 boomerangs (quivered)
Armour
 e - a +1 pair of boots (worn)
 s - a +0 chain mail (worn)
Jewellery
 h - an amulet of the acrobat (around neck)
 j - a ring of positive energy (left hand)
Wands
 w - a wand of flame (21)
 F - a wand of paralysis (5)
Scrolls
 c - 3 scrolls of enchant armour
 d - a scroll of blinking {unknown}
 g - 3 scrolls of teleportation {unknown}
 i - a scroll of poison {unknown}
 n - a scroll of vulnerability {unknown}
 q - 2 scrolls of identify
 t - a scroll of enchant weapon {unknown}
 v - a scroll of brand weapon {unknown}
 x - a scroll of noise {unknown}
 B - a scroll of butterflies {unknown}
 E - a scroll of fear {unknown}
Potions
 b - 2 potions of degeneration
 f - 2 potions of heal wounds {unknown}
 k - a potion of flight {unknown}
 l - 2 potions of attraction
 m - a potion of haste {unknown}
 o - a potion of ambrosia {unknown}
 r - a potion of magic {unknown}
 u - 2 potions of curing
 A - a potion of brilliance {unknown}
 C - a potion of cancellation {unknown}
 D - a potion of mutation {unknown}


   Skills:
 + Level 6.3 Fighting
 + Level 8.7 Axes
 + Level 5.2 Armour
 + Level 4.1 Dodging
 + Level 1.2 Stealth


You had 7 spell levels left.
You didn't know any spells.
Your spell library was empty.

Dungeon Overview and Level Annotations

Branches:
Dungeon (5/15)              Sewer (visited)
 Temple: D:4-7

Altars:
Kikubaaqudgha
Xom


Innate Abilities, Weirdness & Mutations

You have a pair of horns on your head.
You reflexively headbutt those who attack you in melee.


Message History

You hit the scorpion. You burn the scorpion.
You kill the scorpion!
Trog accepts your kill.
You feel very sick.
You feel very sick.
An ogre comes into view. It is wielding a +0 giant spiked club.
The rat completely misses you. You furiously retaliate!
You headbutt the rat.
You kill the rat!
Trog accepts your kill.
Items here: ††††.
You feel a strong urge to attack something.
You feel sick.
You feel sick.
The ogre shouts!
The quokka barely misses you.
Items here: ††††.
You feel your anger nearly subside.
You are no longer berserk.
You are exhausted.
You feel yourself slow down.
You feel sick.
You hit the quokka but do no damage. Your headbutt misses the quokka.
You feel very sick.
The quokka bites you but does no damage. x2
You slash the quokka! You burn the quokka.
You kill the quokka!
Trog accepts your kill.
You feel sick.
You hit the quokka. You burn the quokka.
You kill the quokka!
Trog accepts your kill.
You feel sick.
You barely miss the river rat.
You feel sick. The river rat bites you.
* * * LOW HITPOINT WARNING * * *
You slash the river rat! You burn the river rat.
Your headbutt misses the river rat.
The river rat is almost dead.
You feel sick. The river rat barely misses you. The river rat bites you!
* * * LOW HITPOINT WARNING * * *
You hit the river rat but do no damage.
The river rat is almost dead.
You die...

## . ## .# . #.#
#.# . ..###.## #
#######...#.#
##.#..###†..#
#####.#.##...†..###
#....#.###.##†##@r#
#.###.##
##..#.###or..#
#.##### #.## #..
....# ...# #.
##r....# ##.# #
....# #.# ....# #.#
....# ##.# ....#
...#


You could see a river rat, an orc and a rat.

Vanquished Creatures
  The ghost of javelincjr the Magician, an amateur DjCj of Qazlal (D:3)
  An ice beast (D:5)
  2 ogres
  2 bullfrogs (Sewer)
  Blork the orc (D:4)
  A scorpion (D:5)
  2 hounds (D:5)
  2 iguanas
  An orc wizard (D:4)
  10 river rats
  10 adders
  2 ufetubi
  2 worms
  3 dart slugs
  9 orcs
  21 ball pythons
  10 endoplasms
  4 giant cockroaches
  12 goblins
  3 hobgoblins
  3 jackals (D:5)
  6 kobolds
  10 quokkas
  2 bats (D:1)
  8 frilled lizards
  32 rats
  A rat zombie (D:5)
161 creatures vanquished.

Notes
Turn   | Place    | Note
-------+----------+-------------------------------------------
     0 | D:1      | mampy3000 the Minotaur Berserker began the quest for the
                  | Orb.
     0 | D:1      | Reached XP level 1. HP: 19/19 MP: 0/0
   487 | D:1      | Reached XP level 2. HP: 25/27 MP: 1/1
   539 | D:1      | Found a faded altar of an unknown god.
   601 | D:1      | Reached skill level 4 in Axes
   984 | D:1      | Reached XP level 3. HP: 33/33 MP: 2/2
  1345 | D:2      | Reached ** piety under Trog
  1701 | D:2      | Noticed an ogre
  1710 | D:2      | Killed an ogre
  1711 | D:2      | Reached skill level 5 in Axes
  1711 | D:2      | Reached XP level 4. HP: 36/41 MP: 3/3
  1929 | D:2      | Reached XP level 5. HP: 47/47 MP: 4/4
  2561 | D:3      | Noticed javelincjr's ghost (amateur DjCj)
  2581 | D:3      | Found a runed translucent door.
  2602 | D:3      | Killed javelincjr's ghost
  2603 | D:3      | Reached skill level 5 in Fighting
  2603 | D:3      | Reached skill level 6 in Axes
  2603 | D:3      | Reached XP level 6. HP: 56/56 MP: 5/5
  3065 | D:4      | Reached skill level 1 in Stealth
  3089 | D:4      | Found a shimmering altar of Xom.
  3089 | D:4      | Noticed Blork the orc
  3099 | D:4      | Killed Blork the orc
  4028 | D:5      | Entered Level 5 of the Dungeon
  4050 | D:5      | Reached *** piety under Trog
  4077 | D:5      | Found an ancient bone altar of Kikubaaqudgha.
  4138 | D:5      | Reached skill level 7 in Axes
  4138 | D:5      | Reached XP level 7. HP: 61/61 MP: 6/6
  4150 | D:5      | Found a glowing drain.
  4158 | Sewer    | Entered a sewer
  4483 | Sewer    | Reached **** piety under Trog
  4747 | Sewer    | Reached skill level 8 in Axes
  4869 | D:5      | Reached skill level 5 in Armour
  4938 | D:5      | Reached XP level 8. HP: 67/70 MP: 7/7
  5251 | D:5      | HP: 1/71 [river rat (7)]
  5252 | D:5      | Succumbed to a scorpion's poison

Illustrated notes

Levels and vault maps discovered:
D:1:      sevenhm_arrival_forest_fort_small_3, layout_loops_ring,
          ebering_ecumenical_altar_hall, minmay_misc_feat_pillars,
          kennysheep_pointless_box, hangedman_decor_points,
          roderic_serpentine_path, kennysheep_nondescript
D:2:      layout_basic
D:3:      layout_basic, serial_corexii_hall, corexii_hall_statues_l,
          chequers_hall_statues_wall_a, corexii_hall_statues_x,
          hellmonk_ghost_happy_afterlife
D:4:      layout_basic, lemuel_crystal_altar, interstate_on_off,
          uniq_blork_the_orc
D:5:      lemuel_ratsnest, layout_loops_ring, lemuel_zombie_altar_kikubaaqudgha,
          portal_sewer_entry_e, eino_small_chamber_without_monster

Skill      XL: |  1  2  3  4  5  6  7 |
---------------+----------------------+-----
Fighting       | 4 5 6 |  6.3
Axes           | 4 5 6 7 8 |  8.7
Armour         | 3 4 5 |  5.2
Dodging        | 3 4 |  4.1
Stealth        | 1 |  1.2

Action                   |  1- 3 |  4- 6 |  7- 9 || total
-------------------------+-------+-------+-------++-------
Melee: Hand axe          |    70 |   101 |   126 ||   297
       Headbutt          |    10 |    14 |    16 ||    40
       Punch             |     2 |       |     1 ||     3
Invok: Berserk           |       |     1 |     3 ||     4
  Use: Scroll            |       |     4 |       ||     4
Armor: Animal skin       |     1 |       |       ||     1
       Leather armour    |     9 |     2 |       ||    11
       Chain mail        |       |    34 |    75 ||   109
Dodge: Dodged            |    54 |    63 |    79 ||   196
